 Dungeon Crawl Stone Soup version 0.27-a0-1144-g0b7d3b79db (webtiles) character file.

Game seed: 3927200082891804638

4 sanka the Ducker (level 1, 18/18 HPs)
             Began as a Djinni Gladiator on May 10, 2021.
             Was a Follower of Uskayaw.
             Quit the game on level 1 of the Dungeon.
             The game lasted 00:00:25 (650 turns).

sanka the Ducker (Djinni Gladiator)                  Turns: 650, Time: 00:00:25

Health: 18/18      AC:  4    Str: 13    XL:     1   Next: 70%
Gold:   24         EV: 12    Int:  9    God:    Uskayaw [*.....] SH:  0 Dex: 14

rFire    + + .     SeeInvis .   a - +0 long sword
rCold    x . .     Faith    .   (no shield)
rNeg     . . .     Spirit   .   b - +0 leather armour
rPois    ∞         Reflect  .   c - +0 helmet
rElec    .         Harm     .   (no cloak)
rCorr    .         Rampage  .   (no gloves)
Will     .....                  (boots unavailable)
Stlth    +.........             (no amulet)
HPRegen  0.06/turn              (no ring)
MPRegen  0.00/turn              (no ring)

@: flying
A: sickness immunity, fire resistance 2, cold vulnerability 1, float, innate
caster, hp casting, extra vitality 1
a: Renounce Religion, Stomp


You were on level 1 of the Dungeon.
You worshipped Uskayaw.
Uskayaw was noncommittal.
You visited 1 branch of the dungeon, and saw 1 of its levels.

You collected 24 gold pieces.


Innate Abilities, Weirdness & Mutations

You are immune to sickness and miasma.
You are immune to poison.
Your flesh is very heat resistant. (rF++)
You are vulnerable to cold. (rC-)
You float through the air rather than walking.
You learn spells naturally, not from books.
Your magical power is your life essence.
You have superior vitality. (+4 HP)


   Skills:
 + Level 2.1 Fighting
 + Level 2.7 Long Blades
 - Level 1.5 Throwing
 + Level 3.3 Dodging
 + Level 0.2 Spellcasting


You couldn't memorise any spells.
You didn't know any spells.
Your spell library was empty.

Inventory:

Hand Weapons
 a - a +0 long sword (weapon)
Missiles
 d - 3 throwing nets (quivered) {=f}
Armour
 b - a +0 leather armour (worn)
 c - a +0 helmet (worn)
Scrolls
 f - a scroll of amnesia {unknown}
Potions
 e - a potion of flight {unknown}

Dungeon Overview and Level Annotations

Branches:
Dungeon (1/15)

Altars:
Uskayaw

...▒....▒▒▒▒..▒▒▒▒▒
..▒▒▒...▒▒▒.......▒▒▒▒▒
.▒▒▒▒▒........▒▒▒.▒▒..▒▒▒▒▒
........▒▒.....▒▒▒▒.......▒
▒>▒▒▒▒▒.▒▒▒...▒▒▒▒....▒▒▒.▒
.▒▒ ▒.......▒▒▒...▒▒▒ ▒.▒ .▒▒▒
▒▒▒▒▒▒▒▒▒▒...▒▒ ▒.▒ ...▒
▒.......▒▒ ▒.▒ ▒▒.▒ ▒.....R⌠▒
▒.▒ ▒.▒ ▒▒.......▒▒ ▒▒.▒▒ ▒.▒
▒▒..▒▒▒▒...▒▒▒▒▒...▒
▒▒.▒▒▒▒▒▒......▒▒...▒......▒
▒......▒........▒▒.........▒
.......'.........▒▒......▒▒▒▒▒
▒...▒▒.▒..........▒▒.........▒
▒..▒▒▒.▒▒.......▒.........▒▒.▒
▒....▒.▒▒▒.....▒▒.........▒▒.▒


There were no monsters in sight!


Message History

You reach down and open the door.
There is an open door here.
You reach down and open the door.
There is an open door here.
Found a faded altar of an unknown god.
There is a faded altar of an unknown god here.
You reach down and open the door.
There is an open door here.
There is an open door here.
You reach down and open the door.
There is an open door here.
There is an open door here.
Key pressed, stopping explore.
A kobold comes into view. It is wielding a +0 dagger.
The kobold shouts!
The kobold misses you.
You barely miss the kobold. The kobold hits you with a +0 dagger.
You slash the kobold!
You kill the kobold!
No target in view!
No target in view!
Search for what [? for help]? altar
There is an open door here.
There is a faded altar of an unknown god here.
You cannot tell which god this altar belongs to.
Convert to them anyway?
Uskayaw accepts your prayer! Uskayaw welcomes you!
You can now stomp with the beat.
Are you sure you want to abandon this character and quit the game? (Confirm with "yes".)

Action                   || total
-------------------------++-------
Melee: Long sword        ||    10
Armor: Leather armour    ||     1
Dodge: Dodged            ||     5
       Rpst.: Long sword ||     2

Levels and vault maps discovered:
D:1:      onia_arrival_pyramid, layout_loops_corners,
          hellmonk_ecumenical_altar_crossroads, minmay_misc_feat_encased

Notes
Turn   | Place    | Note
-------+----------+-------------------------------------------
     0 | D:1      | sanka the Djinni Gladiator began the quest for the Orb.
     0 | D:1      | Reached XP level 1. HP: 18/18 MP: 0/0
   418 | D:1      | Found a faded altar of an unknown god.
   649 | D:1      | Became a worshipper of Uskayaw the Reveller
   649 | D:1      | Reached * piety under Uskayaw
   650 | D:1      | Quit the game

Vanquished Creatures
  A giant cockroach (D:1)
  2 kobolds (D:1)
  2 goblins (D:1)
5 creatures vanquished.
